 Dungeon Crawl Stone Soup version 0.26.0-18-gc5c842f807 (webtiles) character file.

Game seed: 18030138619145524331

3845297 GordonOverkill the Fetichist (level 23, 215/230 HPs)
             Began as a Deep Dwarf Fighter on Jan 22, 2021.
             Was the Champion of Makhleb.
             Escaped with the Orb
             ... and 3 runes on Jan 23, 2021!
             The game lasted 03:08:18 (18201 turns).

GordonOverkill the Fetichist (Deep Dwarf Fighter)  Turns: 18201, Time: 03:08:18

Health: 215/230    AC: 24    Str: 25    XL:     23   Next: 65%
Magic:  12/12      EV:  9    Int: 14    God:    Makhleb [******]
Gold:   329        SH: 38    Dex: 10    Spells: 42/42 levels left

rFire    + + .     SeeInvis .   a - +4 broad axe (drain)
rCold    + + .     Faith    .   K - +10 tower shield of Ignorance {rN+ Int-4}
rNeg     + + .     Spirit   .   Y - +1 gold dragon scales
rPois    +         Reflect  +   X - +0 helmet of Vanity {rElec Regen+ Str-2 Int+6}
rElec    +         Harm     .   U - scarf {rC+ rF+}
rCorr    .         Rampage  .   m - +2 pair of gloves
Will     +++..                  I - +2 pair of boots {Stlth+}
Stlth    ..........             o - amulet of reflection
HPRegen  0.00/turn              C - +4 ring of slaying
MPRegen  0.13/turn              H - +4 ring of slaying

@: non-regenerating
A: damage resistance, heal wounds, talons 1, blurry vision 1, clumsy 1, deformed
body, negative energy resistance 1, sense surroundings 3, poison resistance, no
regeneration
0: Orb of Zot
}: 3/15 runes: decaying, serpentine, silver
a: Heal Wounds, Renounce Religion, Minor Destruction, Lesser Servant of Makhleb,
Major Destruction, Greater Servant of Makhleb


You escaped.
You worshipped Makhleb.
Makhleb was exalted by your worship.
You visited 10 branches of the dungeon, and saw 46 of its levels.
You visited the Abyss 1 time.
You also visited: Gauntlet.

You collected 2534 gold pieces.
You spent 2205 gold pieces at shops.

Inventory:

Hand Weapons
 a - a +4 broad axe of draining (weapon)
 b - a +1 war axe of flaming
 f - a +2 vorpal broad axe
Missiles
 n - 34 boomerangs
 J - 16 javelins (quivered)
 O - 4 curare-tipped darts
Armour
 m - a +2 pair of gloves (worn)
 I - a +2 pair of boots of stealth (worn)
 K - the +10 tower shield of Ignorance (worn) {rN+ Int-4}
   (You found it on level 11 of the Dungeon)

   It affects your intelligence (-4).
   It protects you from negative energy.
 U - a scarf of resistance (worn)
 X - the +0 helmet of Vanity (worn) {rElec Regen+ Str-2 Int+6}
   (You found it on level 5 of the Vaults)

   It affects your strength (-2).
   It affects your intelligence (+6).
   It insulates you from electricity.
   It increases your rate of regeneration.
 Y - +1 gold dragon scales (worn)
Jewellery
 o - an amulet of reflection (around neck)
 C - a +4 ring of slaying (left hand)
 H - a +4 ring of slaying (right hand)
Wands
 y - a wand of polymorph (19)
 L - a wand of acid (7)
 Q - a wand of paralysis (41)
 S - a wand of iceblast (19)
 W - a wand of digging (3)
Scrolls
 c - 9 scrolls of teleportation
 i - 14 scrolls of remove curse
 j - a scroll of identify
 z - a scroll of holy word
 A - 4 scrolls of fog
 D - a scroll of fear
 G - 4 scrolls of vulnerability
 M - 2 scrolls of blinking
 R - a scroll of silence
 T - a scroll of summoning
Potions
 d - 6 potions of lignification
 e - a potion of mutation
 g - 10 potions of curing
 p - 3 potions of attraction
 q - a potion of berserk rage
 u - 3 potions of heal wounds
 v - 3 potions of ambrosia
 F - 2 potions of magic
 N - a potion of cancellation
 V - a potion of brilliance {unknown}
Miscellaneous
 h - a phantom mirror
 k - a tin of tremorstones (1/2)
 E - a condenser vane
 P - a phial of floods


   Skills:
 + Level 18.8 Fighting
 - Level 20.0 Axes
 - Level 5.0 Throwing
 - Level 15.0 Armour
 - Level 12.0 Dodging
 - Level 20.0 Shields
 - Level 10.0 Spellcasting
 - Level 10.0 Invocations
 - Level 20.0 Evocations


You had 42 spell levels left.
You didn't know any spells.
Your spell library contained the following spells:

 Spells                   Type           Power        Failure   Level
 Apportation              Tloc           14%          99%         1
 Freeze                   Ice            28%          99%         1
 Summon Small Mammal      Summ           28%          99%         1
 Call Imp                 Summ           7%           100%        2
 Corpse Rot               Necr/Air       N/A          100%        2
 Sublimation of Blood     Necr           3%           100%        2
 Call Canine Familiar     Summ           7%           100%        3
 Conjure Flame            Conj/Fire      7%           100%        3
 Dazzling Flash           Conj/Hex       14%          100%        3
 Frozen Ramparts          Ice            14%          100%        3
 Gell's Gravitas          Tloc           3%           100%        3
 Ignite Poison            Fire/Tmut/Pois 7%           100%        3
 Lesser Beckoning         Tloc           3%           100%        3
 Ozocubu's Armour         Ice            7%           100%        3
 Portal Projectile        Hex/Tloc       14%          100%        3
 Summon Guardian Golem    Hex/Summ       7%           100%        3
 Tukima's Dance           Hex            7%           100%        3
 Dispel Undead            Necr           7%           100%        4
 Hailstorm                Conj/Ice       7%           100%        4
 Iskenderun's Mystic Bla  Conj/Tloc      7%           100%        4
 Leda's Liquefaction      Hex/Erth       3%           100%        4
 Summon Ice Beast         Ice/Summ       7%           100%        4
 Summon Lightning Spire   Summ/Air       7%           100%        4
 Agony                    Necr           7%           100%        5
 Alistair's Intoxication  Tmut/Pois      4%           100%        5
 Bolt of Magma            Conj/Fire/Erth 3%           100%        5
 Excruciating Wounds      Necr           3%           100%        5
 Fireball                 Conj/Fire      3%           100%        5
 Irradiate                Conj/Tmut      3%           100%        5
 Dispersal                Tloc           3%           100%        6
 Invisibility             Hex            7%           100%        6
 Iron Shot                Conj/Erth      3%           100%        6
 Starburst                Conj/Fire      3%           100%        6
 Statue Form              Tmut/Erth      4%           100%        6
 Disjunction              Tloc           3%           100%        8
 Ignition                 Fire           3%           100%        8
 Shatter                  Erth           3%           100%        9


Dungeon Overview and Level Annotations

Branches:
Dungeon (15/15)            Temple (1/1) D:6            Lair (4/6) D:9
  Swamp (4/4) Lair:2        Snake (4/4) Lair:4          Orc (2/2) D:11
    Elf (1/3) Orc:2        Vaults (5/5) D:14         Depths (5/5) D:15
    Zot (5/5) Depths:5    Gauntlet (visited)
  Crypt: Vaults:2-3

Altars:
Cheibriados
Elyvilon
Makhleb
Okawaru
Qazlal
Ru
Sif Muna
Uskayaw
Vehumet
Yredelemnul
Beogh

Shops:
D:6 *   D:9 ?   D:15 =   Orc:2 [*(=   Depths:5 ==}

Portals:
Hell: Depths:2
Pandemonium: Depths:1

Annotations:
D:3 2 runed translucent doors, Alannah's ghost, amateur MfGl
D:11 1 runed translucent door, exclusion: 4 orange crystal statues
Swamp:2 1 transporter
Zot:5 1 exclusion


Innate Abilities, Weirdness & Mutations

You are resistant to damage.
You can heal yourself by infusing magical energy.
You resist negative energy. (rN+)
You passively map a large area around you.
You do not regenerate.
You have sharp toenails.
Scrolls take you a little longer to read.
You are clumsy. (Dex -2)
Armour fits poorly on your strangely shaped body.
Your system is resistant to poisons. (rPois)


Message History

A daeva comes into view.
It is wielding a +4 scimitar of holy wrath.
You see here a rat skeleton.
The daeva calls down the wrath of the Shining One upon you.
The Shining One smites you!
The daeva calls down the wrath of the Shining One upon you.
The Shining One smites you!
There is a stone staircase leading up here.
You climb upwards.
There is a stone staircase leading down, spattered with blood here.
You see here 5 stones.
Unknown command.
You see here a +0 hunting sling.
Found 7 gold pieces.
Found 16 stones.
Found 4 gold pieces.
There is a stone staircase leading up here.
You climb upwards.
There is a stone staircase leading down here.
There is a staircase leading out of the dungeon here.
You have escaped!

** * , , , ,
######+#########
♣.....P..≈≈≈≈≈≈#
,....≈≈≈≈≈≈≈....+
..≈≈≈PPP≈≈.....# *
, .≈≈PPP≈≈≈.>...♣ *
* , ≈≈≈PP≈≈.....<♣♣
≈≈≈≈≈≈≈.@..♣♣♣♣ *,
########'#######.,,
* #.....#...#.#....
*, ,
###............
###..............
................. ,
, ,
..........)...#..,
###...........# * *
#...........# *


There were no monsters in sight!

Vanquished Creatures
  A pandemonium lord (Zot:5)
  2 ancient liches (Zot:5)
  5 orbs of fire (Zot:5)
  Boris (Depths:4)
  2 Killer Klowns (Zot:5)
  A shard shrike (Zot:2)
  2 curse toes (Zot:2)
  8 golden dragons
  A Tzitzimitl (D:11)
  3 electric golems
  5 tentacled monstrosities
  A lich (Depths:4)
  25 Orb Guardians
  2 quicksilver dragons
  3 titans
  An Executioner (Zot:5)
  2 sphinxes
  A tentacled starspawn (Abyss:1)
  5 death cobs
  Gastronok (Orc:1)
  5 tengu reavers
  8 shadow dragons
  6 draconian monks
  Agnes (Snake:1)
  6 storm dragons
  Donald (Swamp:2)
  4 fire giants
  A frost giant (Depths:4)
  A balrug (D:11)
  10 nagarajas (Snake:4)
  Aizul (Snake:1)
  6 draconian knights
  A deep elf sorcerer (Vaults:5)
  6 vault wardens
  A ghost moth (Zot:5)
  4 draconian scorchers
  3 draconian shifters
  2 orc warlords (Orc:2)
  2 ironheart preservers
  2 reapers (Gauntlet)
  2 draconian annihilators
  A very ugly thing (Vaults:5)
  3 draconian stormcallers
  7 stone giants
  8 purple draconians
  The ghost of kutty the Basher, a journeyman DsAK of Lugonu (D:15)
  5 black draconians
  2 spark wasps (Depths:4)
  A minotaur (Gauntlet)
  4 red draconians
  6 bunyips
  8 white draconians
  Azrael (D:15)
  9 green draconians
  11 yellow draconians
  7 ettins
  2 eleionomae
  2 shambling mangroves (Swamp:4)
  4 fire dragons
  8 yaktaur captains
  An ice dragon (shapeshifter) (Vaults:5)
  3 great orbs of eyes
  7 ogre magi
  4 ice dragons
  4 rakshasas
  17 vault guards
  16 hydras
  Fannar (D:11)
  Harold (D:10)
  12 naga warriors
  2 spriggan air magi (Depths:4)
  2 boulder beetles
  14 anacondas
  A ghost crab (Swamp:4)
  9 alligators
  6 centaur warriors
  32 two-headed ogres
  9 deep troll shamans
  8 tengu warriors
  Urug (Lair:3)
  5 orc high priests (Orc:2)
  6 spriggan berserkers
  A sun demon (D:11)
  6 deep troll earth magi
  7 naga sharpshooters
  6 shock serpents
  A soul eater (D:6)
  3 salamander mystics
  3 deep elf knights
  5 iron trolls
  Nergalle (Lair:3)
  5 goliath frogs
  2 glowing orange brains
  2 wizards
  2 deep elf archers
  A glowing orange brain (shapeshifter) (Depths:4)
  A shadow demon (Depths:5)
  8 naga ritualists
  An unseen horror (D:13)
  3 spriggan druids
  16 deep trolls
  4 sea snakes (Snake:2)
  11 swamp dragons
  7 bog bodies (Swamp:4)
  3 ironbrand convokers
  A phantasmal warrior (Vaults:5)
  8 harpies
  10 mana vipers
  A necromancer (Vaults:5)
  3 wolf spiders
  28 ugly things
  3 orc sorcerers (Orc:2)
  5 cyclopes
  9 orc knights
  13 deep elf magi
  13 salamanders
  A manticore (D:14)
  3 will-o-the-wisps
  5 elephants (Lair:4)
  4 vault sentinels
  5 centaur zombies
  34 black mambas
  16 guardian serpents
  8 cane toads
  18 moths of wrath
  A smoke demon (Abyss:1)
  A gargoyle (D:14)
  17 naga magi
  An eye of devastation (shapeshifter) (D:15)
  A centaur skeleton (D:14)
  Psyche (D:8)
  5 komodo dragons
  37 yaktaurs
  A tormentor (Zot:5)
  A freezing wraith (Vaults:3)
  3 tengu conjurers
  2 hellwings
  7 trolls
  The ghost of iamserjio the Skirmisher, an amateur GnAK of Lugonu (D:4)
  5 tyrant leeches
  8 hornets
  3 slime creatures
  A dream sheep (shapeshifter) (Vaults:2)
  12 blink frogs
  A frost giant simulacrum (Vaults:3)
  6 wyverns
  2 shadows
  A wraith (Vaults:1)
  A tarantella (shapeshifter) (Vaults:5)
  A water elemental (Depths:5)
  66 yaks
  5 spriggans
  22 humans (D:14)
  3 fire elementals (D:15)
  3 basilisks
  5 vampire mosquitoes
  The ghost of Sackgasse the Insei, an amateur MfTm (D:6)
  A warg (shapeshifter) (Vaults:1)
  2 wargs (Orc:2)
  9 water moccasins
  10 swamp worms
  3 acid dragons
  48 nagas
  A soldier ant (D:11)
  3 hell hounds (D:15)
  2 floating eyes (shapeshifter)
  3 swamp drakes
  3 ice beasts
  51 orc warriors
  3 black bears
  A necrophage (D:4)
  An eye of draining (D:12)
  2 phantoms
  2 sky beasts
  2 wolves (Lair:2)
  16 boggarts
  17 ogres
  21 centaurs
  A big kobold (D:8)
  14 bullfrogs
  A gnoll sergeant (D:5)
  A glowing shapeshifter simulacrum (Vaults:3)
  12 scorpions
  13 killer bees
  8 wights
  4 howler monkeys
  3 vampire bats (Orc:2)
  2 electric eels (Lair:4)
  5 bullfrog zombies
  6 hounds
  A gnoll shaman (D:10)
  A small abomination (Zot:5)
  25 orc priests
  4 jellies
  37 orc wizards
  2 bullfrog skeletons
  4 iguanas
  Terence (D:2)
  8 worker ants
  A killer bee zombie (D:10)
  3 hound zombies
  4 hound skeletons
  A howler monkey zombie (D:7)
  3 worker ant zombies
  12 gnolls
  24 adders
  A shadow imp (Gauntlet)
  3 white imps
  2 ufetubi
  2 adder skeletons
  3 worms
  11 dart slugs
  7 leopard geckos
  132 orcs
  5 giant cockroaches
  2 goblins
  4 hobgoblins
  13 jackals
  9 kobolds
  6 quokkas
  A ball python (D:3)
  13 bats
  6 frilled lizards
  A quokka zombie (D:9)
  4 rats
  A spectral orc (D:5)
  A starspawn tentacle (Abyss:1)
1537 creatures vanquished.

Vanquished Creatures (collateral kills)
  A death cob (Zot:5)
  Snorg (Orc:1)
  A two-headed ogre (Orc:1)
  An orc knight (Orc:2)
  An orc sorcerer (Orc:2)
  3 deep elf magi (Orc:1)
  A black mamba (Snake:1)
  A centaur zombie (D:11)
  A cane toad (Lair:3)
  A rime drake (Lair:3)
  A komodo dragon (Lair:3)
  A warg (Orc:1)
  5 orc warriors
  2 ogres (Orc:2)
  A bullfrog (Lair:4)
  2 orc priests (Orc:2)
  2 orc wizards
  5 orcs
31 creatures vanquished.

Vanquished Creatures (others)
  A draconian scorcher (Zot:4)
  2 green draconians
  A purple draconian (Zot:4)
  An eleionoma (Swamp:1)
  A spriggan druid (Swamp:1)
  A deep elf mage (Vaults:5)
  A bloated husk (Swamp:1)
  A spriggan (Swamp:1)
  22 foxfires
  30 fungi
  45 plants
  5 starspawn tentacles (Abyss:1)
111 creatures vanquished.

Grand Total: 1679 creatures vanquished

Notes
Turn   | Place    | Note
-------+----------+-------------------------------------------
     0 | D:1      | GordonOverkill the Deep Dwarf Fighter began the quest for
                  | the Orb.
     0 | D:1      | Reached XP level 1. HP: 20/20 MP: 1/1
    30 | D:2      | Noticed Terence
    44 | D:2      | Killed Terence
    45 | D:2      | Reached XP level 2. HP: 13/27 MP: 2/2
    46 | D:2      | Reached XP level 3. HP: 16/33 MP: 3/3
    66 | D:2      | Found a faded altar of an unknown god.
   186 | D:3      | Found a large runed translucent door.
   188 | D:3      | Found a large runed translucent door.
   198 | D:3      | Noticed Alannah's ghost (amateur MfGl)
   255 | D:3      | Reached XP level 4. HP: 23/40 MP: 4/4
   374 | D:3      | Reached skill level 5 in Shields
   382 | D:3      | Reached XP level 5. HP: 36/46 MP: 4/4
   604 | D:4      | Found a runed translucent gate.
   607 | D:4      | Found a runed translucent gate.
   607 | D:4      | Noticed iamserjio's ghost (amateur GnAK)
   608 | D:4      | Found a runed translucent gate.
   611 | D:4      | Noticed a necrophage
   624 | D:4      | Killed a necrophage
   625 | D:4      | Reached skill level 5 in Axes
   625 | D:4      | Reached XP level 6. HP: 37/55 MP: 5/5
   636 | D:4      | Killed iamserjio's ghost
   697 | D:4      | Reached XP level 7. HP: 39/61 MP: 6/6
   786 | D:5      | Entered Level 5 of the Dungeon
   950 | D:5      | Reached XP level 8. HP: 41/68 MP: 6/6
  1538 | D:5      | Found a basalt altar of Yredelemnul.
  1668 | D:6      | Found Cihes's Assorted Antiques.
  1701 | D:6      | Found a runed translucent door.
  1706 | D:6      | Noticed Sackgasse's ghost (amateur MfTm)
  1733 | D:6      | Killed Sackgasse's ghost
  1875 | D:6      | Bought a potion of might for 124 gold pieces
  1936 | D:6      | You fall into a shaft and drop 3 floors!
  1994 | D:8      | Reached skill level 10 in Axes
  2009 | D:8      | Found a white marble altar of Elyvilon.
  2050 | D:8      | Noticed Psyche
  2057 | D:8      | Reached skill level 1 in Dodging
  2061 | D:8      | Killed Psyche
  2062 | D:8      | Gained mutation: You passively map the area around you.
                  | [Deep Dwarf growth]
  2062 | D:8      | Reached XP level 9. HP: 53/76 MP: 6/6
  2298 | D:6      | Found a staircase to the Ecumenical Temple.
  2315 | Temple   | Entered the Ecumenical Temple
  2352 | Temple   | Became a worshipper of Makhleb the Destroyer
  2538 | D:8      | Reached * piety under Makhleb
  2551 | D:8      | Reached skill level 5 in Armour
  2654 | D:8      | Identified the Catalogue of Confrontation
  2801 | D:10     | Entered Level 10 of the Dungeon
  2839 | D:9      | Found a staircase to the Lair.
  2855 | D:9      | Reached ** piety under Makhleb
  2870 | D:9      | Reached XP level 10. HP: 59/87 MP: 5/5
  2881 | D:9      | Reached skill level 5 in Fighting
  2884 | D:9      | Reached skill level 5 in Dodging
  2973 | D:9      | Found Nyonaex's Magic Scroll Shoppe.
  3065 | D:10     | Reached skill level 10 in Shields
  3224 | D:9      | Found a shimmering blue altar of Sif Muna.
  3228 | D:9      | Found a sacrificial altar of Ru.
  3231 | D:9      | Found a radiant altar of Vehumet.
  3332 | D:9      | Found the +7 Singing Sword {vorpal, sonic wave}
  3377 | D:10     | Noticed Harold
  3397 | D:10     | Killed Harold
  3579 | D:10     | Reached *** piety under Makhleb
  3769 | D:10     | Reached XP level 11. HP: 82/94 MP: 6/6
  3850 | D:10     | Reached skill level 1 in Evocations
  3975 | D:11     | Reached skill level 1 in Invocations
  4026 | D:11     | Noticed a two-headed ogre
  4034 | D:11     | Killed a two-headed ogre
  4060 | D:11     | Found a runed translucent door.
  4068 | D:11     | Found the +10 tower shield of Ignorance {rN+ Int-4}
  4071 | D:11     | Noticed an orange crystal statue
  4071 | D:11     | Noticed an orange crystal statue
  4071 | D:11     | Noticed an orange crystal statue
  4071 | D:11     | Noticed an orange crystal statue
  4176 | D:11     | Noticed a four-headed hydra
  4184 | D:11     | Noticed Fannar
  4198 | D:11     | Killed a four-headed hydra
  4254 | D:11     | Killed Fannar
  4282 | D:11     | Reached **** piety under Makhleb
  4304 | D:12     | Noticed an orc knight
  4313 | D:12     | Reached skill level 5 in Evocations
  4314 | D:12     | Reached skill level 5 in Invocations
  4326 | D:12     | Killed an orc knight
  4339 | D:12     | Reached ***** piety under Makhleb
  4352 | D:12     | Reached skill level 15 in Axes
  4370 | D:12     | Found a gate leading to a gauntlet.
  4379 | Gauntlet | Entered a Gauntlet
  4379 | Gauntlet | Found a transporter.
  4379 | Gauntlet | Found a transporter.
  4379 | Gauntlet | Noticed a fire crab
  4379 | Gauntlet | Noticed a reaper
  4395 | Gauntlet | Found a transporter.
  4399 | Gauntlet | Found a transporter.
  4406 | Gauntlet | Noticed a reaper
  4419 | Gauntlet | Found a transporter.
  4430 | Gauntlet | Found a transporter.
  4430 | Gauntlet | Noticed an oklob plant
  4436 | Gauntlet | Found a transporter.
  4440 | Gauntlet | Found a large runed translucent door.
  4441 | Gauntlet | Found a large runed translucent door.
  4442 | Gauntlet | Found a large runed translucent door.
  4442 | Gauntlet | Found a large runed translucent door.
  4443 | Gauntlet | Found a runed translucent gate.
  4444 | Gauntlet | Found a transporter.
  4444 | Gauntlet | Found a runed translucent gate.
  4445 | Gauntlet | Found a runed translucent gate.
  4445 | Gauntlet | Noticed a wizard
  4446 | Gauntlet | Found a large runed translucent door.
  4446 | Gauntlet | Found a large runed translucent door.
  4447 | Gauntlet | Found a large runed translucent door.
  4448 | Gauntlet | Found a large runed translucent door.
  4457 | Gauntlet | Found a large runed translucent door.
  4457 | Gauntlet | Found a large runed translucent door.
  4457 | Gauntlet | Found a runed translucent door.
  4457 | Gauntlet | Found a runed translucent door.
  4458 | Gauntlet | Found a large runed translucent door.
  4459 | Gauntlet | Found a large runed translucent door.
  4461 | Gauntlet | Found a transporter.
  4469 | Gauntlet | Found a transporter.
  4486 | Gauntlet | Found a transporter.
  4501 | Gauntlet | Found a transporter.
  4584 | Gauntlet | Killed a reaper
  4591 | Gauntlet | Got a heavily runed ruby amulet
  4597 | Gauntlet | Identified the amulet "Xyk Ysku" {Spirit rF+ Str+2} (You
                  | found it in a Gauntlet)
  4632 | Gauntlet | Reached XP level 12. HP: 14/103 MP: 0/5
  4635 | Gauntlet | Killed a reaper
  4740 | Gauntlet | Identified the +8 falchion "Cydor" {flame, rElec}
  4740 | Gauntlet | Noticed a minotaur
  4774 | Gauntlet | Killed a minotaur
  4830 | Gauntlet | Got a translucent scale mail
  4836 | Gauntlet | Got a jewelled flail
  4885 | D:11     | Identified the +3 scale mail of Sorcery {rC+ Stlth+} (You
                  | found it in a Gauntlet)
  4916 | D:12     | Noticed a two-headed ogre
  4925 | D:12     | Killed a two-headed ogre
  5010 | D:13     | Reached skill level 1 in Throwing
  5178 | D:11     | Noticed a two-headed ogre
  5193 | D:11     | Killed a two-headed ogre
  5252 | D:11     | Identified the +3 flail "Yzemme" {freeze, +Blink} (You
                  | found it in a Gauntlet)
  5262 | D:11     | Found a staircase to the Orcish Mines.
  5281 | D:11     | Found a roughly hewn altar of Beogh.
  5297 | Orc:1    | Entered Level 1 of the Orcish Mines
  5331 | Orc:2    | Entered Level 2 of the Orcish Mines
  5397 | Orc:2    | Paralysed by an orc sorcerer for 7 turns
  5483 | Orc:2    | Noticed an orc high priest
  5499 | Orc:2    | Killed an orc high priest
  5506 | Orc:2    | Noticed an orc high priest
  5513 | Orc:2    | Reached ****** piety under Makhleb
  5516 | Orc:2    | Noticed an orc high priest
  5517 | Orc:2    | Killed an orc high priest
  5520 | Orc:2    | Killed an orc high priest
  5563 | Orc:2    | Noticed an orc high priest
  5575 | Orc:2    | Found a staircase to the Elven Halls.
  5595 | Orc:2    | Noticed an orc warlord
  5619 | Orc:2    | Killed an orc warlord
  5653 | Elf:1    | Entered Level 1 of the Elven Halls
  5688 | Orc:2    | Reached XP level 13. HP: 105/111 MP: 6/6
  5726 | Orc:1    | Noticed Gastronok
  5747 | Orc:1    | Killed Gastronok
  5911 | Orc:1    | Noticed Snorg
  5920 | Orc:1    | Killed Snorg
  6119 | Orc:2    | Noticed an orc warlord
  6145 | Orc:2    | Killed an orc warlord
  6146 | Orc:2    | Reached skill level 1 in Spellcasting
  6302 | Orc:2    | Found Nawuon's Antique Armour Emporium.
  6303 | Orc:2    | Found Enoaxudgh's Antique Weapon Emporium.
  6304 | Orc:2    | Found Fuagosagh's General Store.
  6304 | Orc:2    | Found Coyt's Jewellery Shoppe.
  6320 | Orc:2    | Bought a pair of glowing boots for 240 gold pieces
  6320 | Orc:2    | Bought a pair of glowing boots for 240 gold pieces
  6735 | D:9      | Bought a scroll of fear for 42 gold pieces
  6735 | D:9      | Bought a scroll of blinking for 90 gold pieces
  6826 | D:11     | Found a runed translucent door.
  6967 | Lair:1   | Entered Level 1 of the Lair of Beasts
  7168 | Lair:2   | Found a staircase to the Swamp.
  7206 | Lair:2   | Reached skill level 5 in Throwing
  7492 | Lair:2   | Gained mutation: You resist negative energy. (rN+) [Deep
                  | Dwarf growth]
  7492 | Lair:2   | Reached XP level 14. HP: 123/123 MP: 7/7
  7722 | Lair:3   | Noticed Nergalle
  7745 | Lair:3   | Killed Nergalle
  7775 | Lair:3   | Reached skill level 10 in Evocations
  7896 | Lair:3   | Noticed Urug
  7908 | Lair:3   | Killed Urug
  8246 | Lair:4   | Reached skill level 10 in Invocations
  8551 | Lair:4   | Found a staircase to the Snake Pit.
  8585 | Snake:1  | Entered Level 1 of the Snake Pit
  8585 | Snake:1  | Noticed Agnes
  8602 | Snake:1  | Killed Agnes
  8731 | Snake:1  | Noticed Aizul
  8776 | Snake:1  | Killed Aizul
  8933 | Snake:3  | Reached skill level 10 in Armour
  8945 | Snake:3  | Reached XP level 15. HP: 107/134 MP: 8/8
  8953 | Snake:3  | Reached skill level 5 in Spellcasting
  9223 | Snake:4  | Entered Level 4 of the Snake Pit
  9600 | Snake:4  | Reached skill level 10 in Fighting
  9645 | Snake:4  | Noticed a nagaraja
  9672 | Snake:4  | Killed a nagaraja
  9873 | Snake:4  | Reached XP level 16. HP: 146/146 MP: 11/11
 10138 | Snake:4  | Reached skill level 15 in Shields
 10138 | Snake:4  | Reached skill level 15 in Evocations
 10272 | Snake:4  | Cast into level 1 of the Abyss (naga mage)
 10390 | Abyss:1  | Noticed a tentacled starspawn
 10407 | Abyss:1  | Killed a tentacled starspawn
 10409 | Abyss:1  | Noticed a tentacled starspawn
 10437 | Snake:4  | Escaped the Abyss
 10499 | Snake:4  | Got a serpentine rune of Zot
 10698 | Swamp:1  | Entered Level 1 of the Swamp
 10811 | Swamp:2  | Noticed Donald
 10827 | Swamp:2  | Killed Donald
 10860 | Swamp:2  | Reached XP level 17. HP: 92/156 MP: 11/11
 11018 | Swamp:4  | Entered Level 4 of the Swamp
 11392 | Swamp:4  | Got a decaying rune of Zot
 11552 | Swamp:2  | Found a transporter.
 12084 | D:13     | Found a hide-covered altar of Uskayaw.
 12247 | D:14     | Found a gate to the Vaults.
 12283 | Vaults:1 | Entered Level 1 of the Vaults
 12537 | Vaults:1 | Gained mutation: You passively map a large area around you.
                  | [Deep Dwarf growth]
 12537 | Vaults:1 | Reached XP level 18. HP: 166/166 MP: 11/11
 13074 | Vaults:3 | Reached skill level 10 in Dodging
 13341 | Vaults:5 | Entered Level 5 of the Vaults
 13406 | Vaults:5 | Identified the +0 helmet of Vanity {rElec Regen+ Str-2
                  | Int+6} (You found it on level 5 of the Vaults)
 13420 | Vaults:5 | Reached XP level 19. HP: 154/176 MP: 14/14
 13483 | Vaults:5 | Identified a scroll of acquirement
 13484 | Vaults:5 | Acquired a +2 vorpal broad axe
 13642 | Vaults:5 | Got a silver rune of Zot
 13678 | Vaults:5 | Paralysed by a sphinx for 4 turns
 13742 | Vaults:5 | Noticed a golden dragon
 13765 | Vaults:4 | Killed a golden dragon
 14225 | D:15     | Entered Level 15 of the Dungeon
 14225 | D:15     | Found a runed translucent door.
 14228 | D:15     | Noticed kutty's ghost (journeyman DsAK)
 14259 | D:15     | Killed kutty's ghost
 14494 | D:15     | Noticed Azrael
 14510 | D:15     | Killed Azrael
 14668 | D:15     | Found Firyerha's Jewellery Emporium.
 14676 | D:15     | Bought a +4 ring of slaying for 1170 gold pieces
 14764 | D:15     | Found a staircase to the Depths.
 14790 | Depths:1 | Entered Level 1 of the Depths
 14848 | Depths:1 | Reached XP level 20. HP: 187/187 MP: 16/16
 14929 | Depths:1 | Found a one-way gate leading to the halls of Pandemonium.
 14936 | Depths:2 | Found a gateway to Hell.
 15035 | Depths:4 | Noticed Boris
 15054 | Depths:4 | Killed Boris
 15166 | Depths:4 | Reached skill level 10 in Spellcasting
 15357 | Depths:5 | Entered Level 5 of the Depths
 15366 | Depths:5 | Found Bike Lait's Jewellery Emporium.
 15368 | Depths:5 | Found Plog's Gadget Boutique.
 15369 | Depths:5 | Found Uxzeclu's Jewellery Emporium.
 15380 | Depths:5 | Bought a wand of paralysis (5) for 161 gold pieces
 15380 | Depths:5 | Bought a wand of paralysis (4) for 138 gold pieces
 15467 | Depths:5 | Reached skill level 15 in Armour
 15471 | Depths:5 | Found a gate to the Realm of Zot.
 15471 | Depths:5 | Noticed a golden dragon
 15471 | Depths:5 | Noticed a golden dragon
 15481 | Depths:5 | Killed a golden dragon
 15492 | Depths:5 | Killed a golden dragon
 15550 | Zot:1    | Entered Level 1 of the Realm of Zot
 15550 | Zot:1    | Noticed a golden dragon
 15563 | Zot:1    | Reached XP level 21. HP: 181/196 MP: 18/18
 15568 | Zot:1    | Killed a golden dragon
 15866 | Zot:2    | Noticed a curse toe
 15898 | Zot:2    | Killed a curse toe
 16151 | Zot:1    | Noticed a curse toe
 16151 | Zot:1    | Noticed a Killer Klown
 16184 | Zot:2    | Noticed a shard shrike
 16184 | Zot:2    | a Killer Klown changed into a shard shrike
 16201 | Zot:2    | Killed a shard shrike
 16442 | Zot:2    | Killed a curse toe
 16582 | Zot:4    | Reached XP level 22. HP: 177/208 MP: 15/15
 16586 | Zot:5    | Entered Level 5 of the Realm of Zot
 16612 | Zot:5    | Noticed a golden dragon
 16620 | Zot:5    | Noticed a golden dragon
 16632 | Zot:5    | Killed a golden dragon
 16634 | Zot:5    | Reached skill level 15 in Fighting
 16646 | Zot:5    | Killed a golden dragon
 16977 | Zot:5    | Noticed an ancient lich
 16996 | Zot:5    | Killed an ancient lich
 17020 | Zot:5    | Noticed an orb of fire
 17020 | Zot:5    | Noticed an orb of fire
 17037 | Zot:5    | Gained mutation: You are occasionally teleported next to
                  | monsters. [an orb of fire]
 17040 | Zot:5    | Killed an orb of fire
 17043 | Zot:5    | Gained mutation: You are clumsy. (Dex -2) [an orb of fire]
 17044 | Zot:5    | Noticed an orb of fire
 17046 | Zot:5    | Gained mutation: You occasionally shout uncontrollably at
                  | your foes. [an orb of fire]
 17053 | Zot:5    | Gained mutation: Scrolls take you a little longer to read.
                  | [an orb of fire]
 17058 | Zot:5    | Lost mutation: You are clumsy. (Dex -2) [an orb of fire]
 17059 | Zot:5    | Killed an orb of fire
 17060 | Zot:5    | Noticed a Killer Klown
 17067 | Zot:5    | Noticed an orb of fire
 17072 | Zot:5    | Killed an orb of fire
 17074 | Zot:5    | Noticed a Killer Klown
 17076 | Zot:5    | Noticed a golden dragon
 17081 | Zot:5    | Killed an orb of fire
 17083 | Zot:5    | Killed a Killer Klown
 17086 | Zot:5    | Killed a golden dragon
 17090 | Zot:5    | Killed a Killer Klown
 17091 | Zot:5    | Reached XP level 23. HP: 223/223 MP: 1/14
 17116 | Zot:5    | Lost mutation: You occasionally shout uncontrollably at
                  | your foes. [potion of mutation]
 17116 | Zot:5    | Lost mutation: Scrolls take you a little longer to read.
                  | [potion of mutation]
 17116 | Zot:5    | Lost mutation: You are occasionally teleported next to
                  | monsters. [potion of mutation]
 17116 | Zot:5    | Gained mutation: You have sharp toenails. [potion of
                  | mutation]
 17116 | Zot:5    | Gained mutation: Scrolls take you a little longer to read.
                  | [potion of mutation]
 17116 | Zot:5    | Gained mutation: You evolve. [potion of mutation]
 17349 | Zot:5    | Noticed an ancient lich
 17372 | Zot:5    | Killed an ancient lich
 17430 | Zot:5    | Got the Orb of Zot
 17443 | Zot:5    | Noticed an orb of fire
 17463 | Zot:5    | Gained mutation: You are clumsy. (Dex -2) [an orb of fire]
 17464 | Zot:5    | Gained mutation: Armour fits poorly on your strangely
                  | shaped body. [an orb of fire]
 17503 | Zot:5    | Killed an orb of fire
 17521 | Zot:5    | Gained mutation: Your system is resistant to poisons.
                  | (rPois) [evolution]
 17521 | Zot:5    | Lost mutation: You evolve. [end of evolution]
 17533 | Zot:5    | Noticed Osineevi the pandemonium lord
 17551 | Zot:5    | Killed Osineevi the pandemonium lord
 17970 | D:10     | Noticed Moumar the pandemonium lord
 18201 | D:$      | Escaped with the Orb!

Illustrated notes

Levels and vault maps discovered:
D:1:      tarquinn_simple_flora_water_c, layout_rooms
D:2:      layout_rooms, chequers_ecumenical_altar_simple, minmay_cut_off,
          uniq_robin, uniq_terence
D:3:      layout_loops_ring, ebering_ghost_disaster_area,
          minmay_tree_intersection
D:4:      layout_basic, gammafunk_ghost_split
D:5:      kennysheep_slugbush, layout_basic, yredelemnul_forgotten_temple_becter
D:6:      layout_basic, minmay_temple_entry_proselytizer, ebering_ghost_sewer_d,
          serial_shops, nicolae_shop_waterfront, minmay_misc_feat_doors
D:7:      layout_cave_pods
D:8:      layout_basic, basic_altar, uniq_psyche
D:9:      old_forge, layout_irregular_city, minmay_overflow_temple_star_quad,
          minmay_lair_entry_grove, serial_shops, shop
D:10:     layout_roguey, uniq_harold
D:11:     layout_basic, minmay_orc_entry_temple_small, serial_bayou_pond_c,
          chequers_guarded_unrand_ignorance, uniq_fannar
D:12:     layout_cave_pools, gauntlet_entry_generic
D:13:     layout_grid_maze, basic_altar, lemuel_flamethrower_2, uniq_erolcha
D:14:     layout_basic, grunt_vaults_entry_tiered, nicolae_lava_and_water,
          hangedman_feature_mirror, patterned_corridor
D:15:     hangedman_depths_entry_try_elsewhere_first, layout_small_grid,
          hangedman_abyss_or_decor_stagger, serial_shops, shop,
          hellmonk_ghost_happy_afterlife, hangedman_aviary, uniq_azrael
Temple:   dpeg_five_rooms_temple
Lair:1:   layout_regular_city, basic_altar, columned_hall_lemuel, uniq_sonja,
          uniq_maggie
Lair:2:   layout_chaotic_city, swamp_mist, beast_lair_carwin_4,
          grunt_megastairs_5, lemuel_fruit_fields
Lair:3:   layout_roguey, serial_bayou_shore_b, grunt_megastairs_3,
          uniq_nergalle, uniq_urug
Lair:4:   layout_regular_city, minmay_snake_entry_six_corridors,
          serial_bayou_lagoon_b
Swamp:1:  layout_falls_marsh, hangedman_swamp_cone
Swamp:2:  gammafunk_worm_tunnel, layout_basic_swamp,
          evilmike_swamp_ruin_house_4, uniq_donald
Swamp:3:  layout_basic_swamp, nicolae_swamp_orc_logging_accident
Swamp:4:  swamp_basic_johnstein, layout_basic_swamp, swamp_pool4
Snake:1:  layout_layer_cave, uniq_aizul, uniq_agnes, uniq_frances, uniq_kirke
Snake:2:  nicolae_sea_snake_s, layout_layer_cave, uniq_vashnia, uniq_asterion
Snake:3:  layout_misc_corridors, special_room, nicolae_snake_shapes
Snake:4:  grunt_snake_rune_serpentine_throne, layout_cave_town
Orc:1:    layout_diamond_mine, elves_outpost_lemuel, uniq_snorg, uniq_gastronok
Orc:2:    st_orc_congregation, layout_diamond_mine, roderic_batcave
Elf:1:    eino_elf_arrival_customs, layout_loops_corners, serial_shops,
          nicolae_shop_behind_doors, hangedman_elf_represent, minmay_shoptagon
Vaults:1: v_misc_29, hangedman_vaults_capsules, dpeg_vaults_monster_box,
          v_misc_16, nicolae_vaults_network_periphery, vaults_mumra_chevron,
          grunt_vaults_diagonal, grunt_vaults_trifunnel, ontoclasm_vaults_twist,
          v_rooms_6, v_misc_25, vaults_room_large_hall,
          nicolae_vaults_rhombus_7, layout_vaults_maze_bifur
Vaults:2: nicolae_vaults_little_ls, v_rooms_4, hangedman_vaults_corner_blocks,
          v_pattern_5, vaults_room_grid, layout_vaults_quadrants
Vaults:3: v_misc_15, nicolae_vaults_what_the_h, vaults_standard_mumra_lines,
          vaults_dpeg_cross, nicolae_vaults_little_squares_2,
          vaults_mumra_minichess_inversion, hangedman_vaults_maws,
          nicolae_vaults_specimen_jars, blue_anna_dwarven_crypt,
          vaults_room_semicircle, ontoclasm_vaults_claustrophobia,
          ontoclasm_vaults_ligature, vaults_room_semicircle, vaults_room_pool,
          layout_vaults_big_cross, serial_shops, shop, uniq_margery
Vaults:4: v_misc_32, vaults_room_hallway, nicolae_vaults_network_s,
          nicolae_vaults_little_squares_2, v_rooms_3, ontoclasm_vaults_chip,
          vaults_mumra_hex, layout_vaults_big_room
Vaults:5
Depths:1: layout_cave_shapes, pan_entry, moated_statue, grunt_hell_horde,
          evilmike_butchery
Depths:2: minmay_the_grid_octo_tiled_octocenter [minmay_the_grid_octo_77,
          minmay_the_grid_octo_thin_diamonds, minmay_the_grid_octo_focus,
          minmay_the_grid_octo_odd_swirl,
          minmay_the_grid_octo_prize_single_spiral,
          minmay_the_grid_square_5x5_bridge,
          minmay_the_grid_square_5x5_checkered_sparse,
          minmay_the_grid_square_5x5_tri_point,
          minmay_the_grid_square_5x5_lines], layout_honeycomb, enter_ziggurat_c,
          hell_entry, mu_enter_wizlab_7, serial_glass, glass_columns_a,
          glass_columns_b, due_unseen_surprise, minmay_misc_feat_x,
          infiniplex_staircase_zigzag_2
Depths:3: grunt_profane_halls [grunt_profane_temple_coc,
          grunt_profane_temple_tar, grunt_profane_temple_dis,
          grunt_profane_temple_geh, grunt_profane_loot], abyss_entry, pan_entry,
          hell_entry
Depths:4: kennysheep_blocky_room, layout_cave_shapes, marbit_kobold_abyss_entry,
          pf_hell_entry_tar_river, solitary_fountain, hex_tiny, uniq_boris
Depths:5: grunt_zot_entry_funnels, layout_honeycomb, hell_entry,
          minmay_misc_feat_four_crosses, minmay_multi_spiral,
          serial_bayou_shore_a, minmay_shop_grove, uniq_saint_roka
Zot:1:    grunt_deathspiral_small, layout_onion_interference,
          ebering_ghost_reflecting_pool, nrook_zot_tub
Zot:2:    kennysheep_six_static_rooms, layout_basic
Zot:3:    minmay_elemental_castle, layout_onion, bh_zot_levy_curve,
          guppyfry_library_mini
Zot:4:    layout_gridville, st_stairs_3
Zot:5:    layout_onion, st_stairs_7, hangedman_zot_decor_checkerboard

Skill      XL: |  1  2  3  4  5  6  7  8  9 10 11 12 13 14 15 16 17 18 19 20 21 22 23 |
---------------+----------------------------------------------------------------------+-----
Axes           | 3 4 5 6 7 10 13 15 16 17 18 19 20 | 20.0
Shields        | 4 5 6 7 8 9 10 11 12 14 15 16 17 18 20 | 20.0
Fighting       | 3 4 5 6 7 8 10 11 12 13 14 16 18 | 18.8
Dodging        | 2 4 5 7 9 10 11 12 | 12.0
Armour         | 4 5 6 8 10 11 12 13 14 15 | 15.0
Evocations     | 6 7 9 11 14 16 17 18 19 20 | 20.0
Invocations    | 5 7 9 10 | 10.0
Throwing       | 3 5 |  5.0
Spellcasting   | 2 4 6 7 8 9 10 | 10.0

Action                   |  1- 3 |  4- 6 |  7- 9 | 10-12 | 13-15 | 16-18 | 19-21 | 22-24 || total
-------------------------+-------+-------+-------+-------+-------+-------+-------+-------++-------
Melee: War axe           |    70 |    82 |   388 |   726 |  1483 |   510 |     4 |    94 ||  3357
       Whip              |       |    77 |    68 |    99 |       |       |       |       ||   244
       Flail             |       |       |     1 |       |    21 |       |       |       ||    22
       Broad axe         |       |       |       |       |       |   734 |  1318 |   417 ||  2469
Throw: Boomerang         |       |     1 |     1 |    13 |     1 |     5 |     2 |    13 ||    36
       Javelin           |       |       |       |    23 |       |       |       |     2 ||    25
       Dart              |       |       |       |     7 |       |       |       |       ||     7
       Throwing net      |       |       |       |       |     1 |       |     2 |    10 ||    13
Invok: Lesser Servant of |       |       |       |     4 |    15 |       |       |     3 ||    22
       Greater Servant o |       |       |       |       |       |       |       |     1 ||     1
 Abil: Heal Wounds       |     3 |     2 |    14 |    35 |     7 |     8 |    15 |    23 ||   107
Evoke: Wand              |       |       |       |    11 |     2 |    10 |     7 |     7 ||    37
       Tin of tremorston |       |       |       |     2 |       |     7 |     5 |     2 ||    16
       Condenser vane    |       |       |       |     1 |     2 |     2 |     2 |     2 ||     9
       Phial of floods   |       |       |       |       |       |       |     1 |       ||     1
  Use: Scroll            |     1 |     6 |    11 |     7 |     7 |     6 |     9 |     3 ||    50
       Potion            |       |     1 |     1 |     2 |     1 |     3 |     1 |     7 ||    16
 Stab: Invisible         |       |       |       |     4 |       |       |       |       ||     4
       Distracted        |       |       |       |     1 |    11 |     1 |     1 |       ||    14
       Held in net/web   |       |       |       |       |     2 |       |       |     2 ||     4
       Paralysed         |       |       |       |       |       |     6 |     3 |       ||     9
Armor: Scale mail        |    20 |       |       |    91 |    56 |       |       |       ||   167
       Plate armour      |    26 |    93 |   368 |   240 |   424 |   343 |       |       ||  1494
       Pearl dragon scal |       |       |       |       |       |   144 |   326 |       ||   470
       Gold dragon scale |       |       |       |       |       |       |   193 |   172 ||   365
Dodge: Dodged            |    21 |    23 |   134 |   190 |   194 |   274 |   294 |    51 ||  1181
Block: Kite shield       |    48 |    87 |   332 |   479 |   133 |       |       |       ||  1079
       Tower shield      |       |       |       |       |  1670 |  1980 |  2061 |   580 ||  6291
       Reflection        |       |       |       |       |       |    71 |    83 |    14 ||   168
